Wolfpack vs Bears
Created - May 23, 2024 at 22:36
Goals
|
| Wolfpack |
1 |
3 |
1 |
5 |
| Bears |
1 |
1 |
0 |
2 |
|
Shots
|
| Wolfpack |
5 |
8 |
11 |
24 |
| Bears |
12 |
14 |
7 |
33 |
|
1st period
1. Wolfpack , Derrick Pouliot 5 (Alexander Barabanov 4, Eric Comrie) at 10:15 (PP)
2. Bears , Cole Smith 3 (Mikko Vainonen 4, Gianluca Curcuruto 5) at 13:11
Penalties :
Sam Carrick (Her) for Cross-checking (Minor) at 9:28, Alexander Barabanov (Har) for High sticking (Minor) at 10:53, Stefan Noesen (Har) for Tripping (Minor) at 16:11
2nd period
3. Wolfpack , Nolan Patrick 6 (Sebastian Collberg 9, Alexander Barabanov 5) at 2:25
4. Wolfpack , Casey Mittelstadt 4 (Stefan Noesen 7, Joshua Jacobs 4) at 6:38
5. Wolfpack , Sebastian Collberg 5 (Steven Santini 9, Alexander Barabanov 6) at 9:57
6. Bears , Vincent Dunn 1 (Cole Smith 2, Nicholas Caamano 1) at 16:38
Penalties :
Ryan Poehling (Har) for Holding (Minor) at 13:24
3rd period
7. Wolfpack , Alexander Barabanov 5 (Colton White 3, Sebastian Collberg 10) at 7:39
Penalties :
David Pope (Har) for High sticking (Minor) at 1:41
Goalie Stats
Eric Comrie (Har), 31 saves from 33 shots - (0.939), W, 7-2-0, 60:00 minutes
Jake Allen (Her), 7 saves from 11 shots - (0.636), L, 3-5-0, 29:57 minutes
Artyom Zagidulin (Her), 12 saves from 13 shots - (0.923), 30:03 minutes
Players Stats for Wolfpack
Player Name G A P +/- PIM S H SB GA TA FO MP PP MP PK MP
------------------------------------------------------------------------------------
Alexander Barabanov 1 3 4 2 2 1 3 1 1 0 0/0 16:21 0:13 1:41
Casey Mittelstadt 1 0 1 0 0 2 2 0 0 1 17/37 23:36 0:34 4:23
Colton White 0 1 1 1 0 1 1 1 0 0 0/0 20:04 0:04 3:32
Connor Chatam 0 0 0 0 0 1 1 0 1 0 0/0 9:30 0:00 0:00
David Pope 0 0 0 0 2 4 1 0 2 1 1/3 23:07 0:34 3:31
Derrick Pouliot 1 0 1 0 0 2 1 2 0 2 0/0 27:58 0:43 4:24
Dryden Hunt 0 0 0 -1 0 0 1 0 0 0 0/0 12:26 0:00 2:32
Joshua Jacobs 0 1 1 1 0 0 0 1 0 0 0/0 11:58 0:00 0:00
K'Andre Miller 0 0 0 1 0 0 0 0 0 0 0/0 11:58 0:00 0:00
Mikhail Vorobyev 0 0 0 0 0 0 0 0 0 0 3/7 9:40 0:00 0:10
Nolan Patrick 1 0 1 2 0 2 3 0 2 0 4/14 17:51 0:13 3:05
Owen Tippet 0 0 0 0 0 1 1 0 0 0 0/0 8:35 0:00 0:00
Ryan Culkin 0 0 0 1 0 0 0 1 0 0 0/0 20:04 0:04 3:32
Ryan Poehling 0 0 0 0 2 0 1 0 0 0 1/3 8:57 0:00 0:18
Sebastian Collberg 1 2 3 3 0 5 1 0 1 1 1/3 13:58 0:13 0:00
Stefan Noesen 0 1 1 0 2 1 1 1 2 0 1/2 19:12 0:34 0:00
Steven Santini 0 1 1 0 0 1 5 1 0 0 0/0 27:58 0:43 4:24
Yegor Korshkov 0 0 0 0 0 3 0 0 0 0 0/0 8:47 0:00 0:12
Players Stats for Bears
Player Name G A P +/- PIM S H SB GA TA FO MP PP MP PK MP
------------------------------------------------------------------------------------
A.J. Jenks 0 0 0 0 0 4 3 0 2 0 0/0 18:48 3:17 0:40
Adam Lowry 0 0 0 0 0 0 1 0 0 0 0/0 7:10 0:29 0:00
Austin Wuthrich 0 0 0 0 0 1 1 0 0 0 0/1 17:44 3:17 0:00
Christian Dvorak 0 0 0 -2 0 2 1 0 0 1 22/41 23:04 4:10 0:40
Colby Cave 0 0 0 0 0 0 0 0 0 0 0/0 6:41 0:00 0:00
Cole Smith 1 1 2 0 0 2 1 0 0 0 0/1 12:10 0:00 0:00
Gianluca Curcuruto 0 1 1 -1 0 3 1 4 0 1 0/0 27:28 4:13 0:47
Jacob Bryson 0 0 0 -1 0 1 0 1 0 1 0/0 14:04 3:43 0:00
Jesper Pettersson 0 0 0 -1 0 0 0 0 0 0 0/0 10:39 0:33 0:00
Kerby Rychel 0 0 0 -2 0 3 1 1 1 1 1/2 22:35 4:01 0:07
Mikko Vainonen 0 1 1 -1 0 0 2 3 1 3 0/0 27:28 4:13 0:47
Nicholas Caamano 0 1 1 0 0 4 1 1 0 0 1/1 12:39 0:29 0:00
Nicolas Aube-Kubel 0 0 0 -2 0 8 2 1 1 1 0/0 22:16 4:10 0:07
Nikolay Prokhorkin 0 0 0 0 0 0 3 0 0 0 0/0 6:12 0:38 0:00
Ryan Graves 0 0 0 0 0 1 0 0 0 0 0/0 18:28 0:00 0:00
Sam Carrick 0 0 0 0 2 3 1 0 0 0 11/16 17:43 3:17 0:00
Tommy Vannelli 0 0 0 0 0 0 1 2 0 1 0/0 21:53 3:10 0:00
Vincent Dunn 1 0 1 0 0 1 0 0 0 0 6/7 12:10 0:00 0:00
3 Stars
1 - Alexander Barabanov (Har)
2 - Sebastian Collberg (Har)
3 - Nolan Patrick (Har)
Power Play
Wolfpack - 1 on 1 Attempt(s) - 100.00%
Bears - 0 on 4 Attempt(s) - 0.00%
Penalty Kill
Wolfpack - 4 on 4 Attempt(s) - 100.00%
- Score 0 goal in Penalty Kill
Bears - 0 on 1 Attempt(s) - 0.00%
- Score 0 goal in Penalty Kill
Team Stat
Wolfpack - Hits : 22 - Faceoff Wins : 28 - Blocked Shots : 8 - Penalty Minutes : 8
Bears - Hits : 19 - Faceoff Wins : 41 - Blocked Shots : 13 - Penalty Minutes : 2
Official
Referees : Dan Kelly and Francois St. Laurent
Linesman : Kiel Murchison and Brian Mach
Game Notes
Artyom Zagidulin enters game at 9:57 of 2nd period
Nikolay Prokhorkin is injured at 10:52 of 3rd period (Bruised Right Foot)
Finance
Level 1 -- Attendance: 2000 (100.00%) -- Ticket Income $140,000
Level 2 -- Attendance: 1000 (100.00%) -- Ticket Income $40,000
Total Attendance: 3000 (100.00%)
Total Ticket Income: $180,000
Other Income: $9,000
Total Income: $189,000
Wolfpack
5 vs 5 Forward
Center Left Wing Right Wing Time % Phy DF OF
1 Casey Mittelstadt David Pope Stefan Noesen 40 1 2 2
2 Nolan Patrick Alexander Barabanov Sebastian Collberg 30 1 2 2
3 Mikhail Vorobyev Dryden Hunt Connor Chatam 20 1 2 2
4 Ryan Poehling Yegor Korshkov Owen Tippet 10 1 2 2
5 vs 5 Defense
Defense Defense Time % Phy DF OF
1 Derrick Pouliot Steven Santini 40 1 2 2
2 Ryan Culkin Colton White 30 1 2 2
3 K'Andre Miller Joshua Jacobs 20 1 2 2
4 Derrick Pouliot Steven Santini 10 1 2 2
PowerPlay Forward
Center Left Wing Right Wing Time % Phy DF OF
1 Casey Mittelstadt David Pope Stefan Noesen 60 1 2 2
2 Nolan Patrick Alexander Barabanov Sebastian Collberg 40 1 2 2
PowerPlay Defense
Defense Defense Time % Phy DF OF
1 Derrick Pouliot Steven Santini 60 1 2 2
2 Ryan Culkin Colton White 40 1 2 2
Penalty Kill 4 Players Forward
Center Wing Time % Phy DF OF
1 Casey Mittelstadt David Pope 60 1 2 2
2 Nolan Patrick Alexander Barabanov 40 1 2 2
Penalty Kill 4 Players Defense
Defense Defense Time % Phy DF OF
1 Derrick Pouliot Steven Santini 60 1 2 2
2 Ryan Culkin Colton White 40 1 2 2
Penalty Kill - 3 Players Forward
Forward Time % Phy DF OF
1 Casey Mittelstadt 60 1 2 2
2 Nolan Patrick 40 1 2 2
Penalty Kill - 3 Players Defense
Defense Defense Time % Phy DF OF
1 Derrick Pouliot Steven Santini 60 1 2 2
2 Ryan Culkin Colton White 40 1 2 2
4 vs 4 Forward
Center Wing Time % Phy DF OF
1 Casey Mittelstadt David Pope 60 1 2 2
2 Nolan Patrick Alexander Barabanov 40 1 2 2
4 vs 4 Defense
Defense Defense Time % Phy DF OF
1 Derrick Pouliot Steven Santini 60 1 2 2
2 Ryan Culkin Colton White 40 1 2 2
Last Minutes Offensive
Center Left Wing Right Wing Defense Defense
Casey Mittelstadt David Pope Stefan Noesen Derrick Pouliot Steven Santini
Last Minutes Defensive
Center Left Wing Right Wing Defense Defense
Casey Mittelstadt David Pope Stefan Noesen Derrick Pouliot Steven Santini
Goaltenders
Starting : Eric Comrie
Backup : Samuel Ersson
Extra Forwards
Normal : Casey Mittelstadt, Alexander Barabanov, Dryden Hunt - PP : Casey Mittelstadt, Alexander Barabanov - PK : Casey Mittelstadt
Extra Defensemen
Normal : Colton White, K'Andre Miller, Joshua Jacobs - PP : Colton White - PK : Colton White, K'Andre Miller
Penalty Shots
Stefan Noesen, David Pope, Sebastian Collberg, Connor Chatam, Casey Mittelstadt
Custom OT Lines Forwards
Stefan Noesen, David Pope, Sebastian Collberg, Connor Chatam, Casey Mittelstadt, Alexander Barabanov, Dryden Hunt, Nolan Patrick, Owen Tippet, Yegor Korshkov
Custom OT Lines Defensemen
Derrick Pouliot, Steven Santini, Ryan Culkin, Colton White, K'Andre Miller
Scratches
Mason Shaw (Healthy), Samuel Houde (Healthy), Jake Marchment (Torn Left ACL Injury), Dylan Samberg (Healthy), Cale Fleury (Healthy)
Will Borgen (Healthy), Alex Barre-Boulet (Right Ankle Injury), Andrew Peeke (Healthy), Dante Fabbro (Healthy), Jeffrey Viel (Healthy)
Linus Sandin (Healthy), Alexander Volkov (Healthy), Jack Drury (Healthy), Jakub Lauko (Healthy), Martin Kaut (Healthy)
Mathias Laferriere (Healthy), Jake Paterson (Healthy)
Bears
5 vs 5 Forward
Center Left Wing Right Wing Time % Phy DF OF
1 Christian Dvorak Kerby Rychel Nicolas Aube-Kubel 40 0 1 4
2 Sam Carrick A.J. Jenks Austin Wuthrich 30 0 1 4
3 Vincent Dunn Cole Smith Nicholas Caamano 20 0 2 3
4 Adam Lowry Nikolay Prokhorkin Colby Cave 10 0 3 2
5 vs 5 Defense
Defense Defense Time % Phy DF OF
1 Mikko Vainonen Gianluca Curcuruto 40 0 3 2
2 Ryan Graves Tommy Vannelli 35 0 4 1
3 Jacob Bryson Jesper Pettersson 15 0 1 4
4 Mikko Vainonen Gianluca Curcuruto 10 0 4 1
PowerPlay Forward
Center Left Wing Right Wing Time % Phy DF OF
1 Christian Dvorak Kerby Rychel Nicolas Aube-Kubel 60 0 1 4
2 Sam Carrick A.J. Jenks Austin Wuthrich 40 0 1 4
PowerPlay Defense
Defense Defense Time % Phy DF OF
1 Mikko Vainonen Gianluca Curcuruto 60 0 2 3
2 Jacob Bryson Tommy Vannelli 40 0 2 3
Penalty Kill 4 Players Forward
Center Wing Time % Phy DF OF
1 Christian Dvorak A.J. Jenks 60 0 3 2
2 Sam Carrick Nicolas Aube-Kubel 40 0 3 2
Penalty Kill 4 Players Defense
Defense Defense Time % Phy DF OF
1 Mikko Vainonen Gianluca Curcuruto 60 0 4 1
2 Ryan Graves Tommy Vannelli 40 0 4 1
Penalty Kill - 3 Players Forward
Forward Time % Phy DF OF
1 Christian Dvorak 60 0 4 1
2 Sam Carrick 40 0 4 1
Penalty Kill - 3 Players Defense
Defense Defense Time % Phy DF OF
1 Mikko Vainonen Gianluca Curcuruto 60 0 5 0
2 Ryan Graves Tommy Vannelli 40 0 5 0
4 vs 4 Forward
Center Wing Time % Phy DF OF
1 Christian Dvorak Nicolas Aube-Kubel 60 0 1 4
2 Sam Carrick Kerby Rychel 40 0 1 4
4 vs 4 Defense
Defense Defense Time % Phy DF OF
1 Mikko Vainonen Gianluca Curcuruto 60 0 2 3
2 Ryan Graves Tommy Vannelli 40 0 2 3
Last Minutes Offensive
Center Left Wing Right Wing Defense Defense
Christian Dvorak Kerby Rychel Nicolas Aube-Kubel Mikko Vainonen Gianluca Curcuruto
Last Minutes Defensive
Center Left Wing Right Wing Defense Defense
Christian Dvorak Kerby Rychel Nicolas Aube-Kubel Mikko Vainonen Gianluca Curcuruto
Goaltenders
Starting : Jake Allen
Backup : Artyom Zagidulin
Extra Forwards
Normal : Kerby Rychel, Nicolas Aube-Kubel, Christian Dvorak - PP : Kerby Rychel, Nicolas Aube-Kubel - PK : Kerby Rychel
Extra Defensemen
Normal : Mikko Vainonen, Gianluca Curcuruto, Tommy Vannelli - PP : Mikko Vainonen - PK : Mikko Vainonen, Gianluca Curcuruto
Penalty Shots
Kerby Rychel, Nicolas Aube-Kubel, Christian Dvorak, A.J. Jenks, Sam Carrick
Custom OT Lines Forwards
Kerby Rychel, Nicolas Aube-Kubel, Christian Dvorak, A.J. Jenks, Sam Carrick, Ryan Graves, Austin Wuthrich, Nikolay Prokhorkin, Vincent Dunn, Adam Lowry
Custom OT Lines Defensemen
Mikko Vainonen, Gianluca Curcuruto, Tommy Vannelli, Ryan Graves, Jacob Bryson
Scratches
Blake Speers (Healthy), Emil Johansson (Healthy), Joshua Leivo (Broken Left Foot Toe Injury), David Farrance (Healthy), Mackenze Stewart (Healthy)
Zack Hayes (Healthy), Mario Ferraro (Healthy), Michael Prapavessis (Healthy), Will Reilly (Healthy), Kristians Rubins (Healthy)
Isaac Ratcliffe (Healthy), Jakob Stenqvist (Healthy), Arvid Henrikson (Healthy), Kirill Maksimov (Healthy)
% Time on Ice - Wolfpack
Lines # - Real PCT - Wanted PCT - Time Play
Normal Forward
1 - 37% - 40% - 19:08
2 - 27% - 30% - 14:04
3 - 19% - 20% - 9:30
4 - 17% - 10% - 8:35
Normal Defense
1 - 39% - 40% - 19:58
2 - 32% - 30% - 16:28
3 - 23% - 20% - 11:58
4 - 6% - 10% - 2:53
PP Forward
1 - 72% - 60% - 0:34
2 - 28% - 40% - 0:13
PP Defense
1 - 91% - 60% - 0:43
2 - 9% - 40% - 0:04
PK Forward
1 - 81% - 60% - 6:26
2 - 19% - 40% - 1:30
PK Defense
1 - 55% - 60% - 4:24
2 - 45% - 40% - 3:32
PK3 Forward
1 - 0% - 60%
2 - 0% - 40%
PK3 Defense
1 - 0% - 60%
2 - 0% - 40%
44 Forward
1 - 0% - 60%
2 - 0% - 40%
44 Defense
1 - 0% - 60%
2 - 0% - 40%
Last Minute Offensive - 0:00
Last Minute Defensive - 0:00
Total
Forward - 60:00
Defense - 60:00
|
% Time on Ice - Bears
Lines # - Real PCT - Wanted PCT - Time Play
Normal Forward
1 - 35% - 40% - 17:59
2 - 28% - 30% - 14:27
3 - 24% - 20% - 12:10
4 - 13% - 10% - 6:41
Normal Defense
1 - 39% - 40% - 19:51
2 - 38% - 35% - 19:15
3 - 19% - 15% - 9:34
4 - 5% - 10% - 2:37
PP Forward
1 - 59% - 60% - 4:39
2 - 41% - 40% - 3:17
PP Defense
1 - 53% - 60% - 4:13
2 - 47% - 40% - 3:43
PK Forward
1 - 85% - 60% - 0:40
2 - 15% - 40% - 0:07
PK Defense
1 - 100% - 60% - 0:47
2 - 0% - 40% - 0:00
PK3 Forward
1 - 0% - 60%
2 - 0% - 40%
PK3 Defense
1 - 0% - 60%
2 - 0% - 40%
44 Forward
1 - 0% - 60%
2 - 0% - 40%
44 Defense
1 - 0% - 60%
2 - 0% - 40%
Last Minute Offensive - 0:00
Last Minute Defensive - 0:00
Total
Forward - 60:00
Defense - 60:00
|
Play-by-Play
1st period
0:01 of 1st period - Christian Dvorak wins face-off versus Casey Mittelstadt in neutral zone.
0:37 of 1st period - Snap shot by Sam Carrick.
0:37 of 1st period - Shot Blocked by Derrick Pouliot.
1:37 of 1st period - Steven Santini is hit by Nicolas Aube-Kubel and loses puck.
2:57 of 1st period - Snap shot by Owen Tippet.
2:57 of 1st period - Stopped by Jake Allen without a rebound.
2:58 of 1st period - Sam Carrick wins face-off versus Casey Mittelstadt in Bears zone.
3:32 of 1st period - Joshua Jacobs is hit by Christian Dvorak and loses puck.
4:03 of 1st period - Colton White is hit by Nikolay Prokhorkin.
4:31 of 1st period - Mikko Vainonen is hit by David Pope and loses puck.
4:46 of 1st period - Alexander Barabanov is hit by Kerby Rychel and loses puck.
4:53 of 1st period - Alexander Barabanov is hit by Nicolas Aube-Kubel and loses puck.
5:10 of 1st period - Snap shot by Vincent Dunn.
5:10 of 1st period - Shot Misses the Net.
5:12 of 1st period - Snap shot by Nicholas Caamano.
5:12 of 1st period - Stopped by Eric Comrie without a rebound.
5:13 of 1st period - Casey Mittelstadt wins face-off versus Sam Carrick in Wolfpack zone.
6:18 of 1st period - Slapshot by David Pope.
6:18 of 1st period - Stopped by Jake Allen without a rebound.
6:19 of 1st period - Christian Dvorak wins face-off versus Nolan Patrick in Bears zone.
6:34 of 1st period - Slapshot by Steven Santini.
6:34 of 1st period - Deflect By Nolan Patrick.
6:34 of 1st period - Stopped by Jake Allen without a rebound.
6:35 of 1st period - Vincent Dunn wins face-off versus Mikhail Vorobyev in Bears zone.
6:42 of 1st period - Wrist shot by Cole Smith.
6:42 of 1st period - Shot Blocked by Steven Santini.
7:01 of 1st period - Icing by Steven Santini.
7:02 of 1st period - Christian Dvorak wins face-off versus Nolan Patrick in Wolfpack zone.
7:03 of 1st period - Wrist shot by Nicolas Aube-Kubel.
7:03 of 1st period - Stopped by Eric Comrie with a rebound.
7:11 of 1st period - Slapshot by Derrick Pouliot.
7:11 of 1st period - Stopped by Jake Allen without a rebound.
7:12 of 1st period - Nolan Patrick wins face-off versus Kerby Rychel in Bears zone.
7:13 of 1st period - Snap shot by Sebastian Collberg.
7:13 of 1st period - Shot Misses the Net.
7:39 of 1st period - Ryan Culkin is hit by Mikko Vainonen and loses puck.
8:01 of 1st period - Off-side.
8:02 of 1st period - Vincent Dunn wins face-off versus Mikhail Vorobyev in neutral zone.
8:40 of 1st period - Off-side.
8:41 of 1st period - Sam Carrick wins face-off versus Casey Mittelstadt in neutral zone.
8:50 of 1st period - Slapshot by A.J. Jenks.
8:50 of 1st period - Stopped by Eric Comrie without a rebound.
8:51 of 1st period - Kerby Rychel wins face-off versus Casey Mittelstadt in Wolfpack zone.
9:00 of 1st period - Slapshot by Kerby Rychel.
9:00 of 1st period - Shot Misses the Net.
9:02 of 1st period - Snap shot by Christian Dvorak.
9:02 of 1st period - Deflect By Kerby Rychel.
9:02 of 1st period - Stopped by Eric Comrie without a rebound.
9:03 of 1st period - Nolan Patrick wins face-off versus Christian Dvorak in Wolfpack zone.
9:12 of 1st period - Slapshot by Sebastian Collberg.
9:12 of 1st period - Shot Misses the Net.
9:17 of 1st period - Off-side.
9:18 of 1st period - Casey Mittelstadt wins face-off versus Sam Carrick in neutral zone.
9:28 of 1st period - Minor Penalty to Sam Carrick for Cross-checking.
9:29 of 1st period - Christian Dvorak wins face-off versus Casey Mittelstadt in Bears zone.
9:41 of 1st period - Snap shot by Christian Dvorak.
9:41 of 1st period - Stopped by Eric Comrie without a rebound.
9:42 of 1st period - Stefan Noesen wins face-off versus Christian Dvorak in Wolfpack zone.
10:15 of 1st period - Slapshot by Derrick Pouliot.
10:15 of 1st period - Goal by Derrick Pouliot - Wolfpack : 1 - Bears : 0.
10:16 of 1st period - Casey Mittelstadt wins face-off versus Christian Dvorak in neutral zone.
10:53 of 1st period - Minor Penalty to Alexander Barabanov for High sticking.
10:54 of 1st period - Christian Dvorak wins face-off versus Casey Mittelstadt in Wolfpack zone.
11:09 of 1st period - Slapshot by Gianluca Curcuruto.
11:09 of 1st period - Stopped by Eric Comrie with a rebound.
11:29 of 1st period - Slapshot by Gianluca Curcuruto.
11:29 of 1st period - Deflect By A.J. Jenks.
11:29 of 1st period - Shot Misses the Net.
11:29 of 1st period - Puck is out of play.
11:30 of 1st period - Christian Dvorak wins face-off versus Nolan Patrick in Wolfpack zone.
11:35 of 1st period - Wrist shot by Kerby Rychel.
11:35 of 1st period - Stopped by Eric Comrie with a rebound.
11:37 of 1st period - Wrist shot by Christian Dvorak.
11:37 of 1st period - Shot Misses the Net.
11:39 of 1st period - Wrist shot by Kerby Rychel.
11:39 of 1st period - Deflect By Nicolas Aube-Kubel.
11:39 of 1st period - Deflect By David Pope.
11:39 of 1st period - Shot Misses the Net.
11:39 of 1st period - Puck is out of play.
11:40 of 1st period - Casey Mittelstadt wins face-off versus Christian Dvorak in Wolfpack zone.
12:07 of 1st period - Snap shot by Sam Carrick.
12:07 of 1st period - Shot Misses the Net.
12:09 of 1st period - Wrist shot by A.J. Jenks.
12:09 of 1st period - Stopped by Eric Comrie without a rebound.
12:10 of 1st period - Christian Dvorak wins face-off versus Casey Mittelstadt in Wolfpack zone.
12:37 of 1st period - Gianluca Curcuruto is hit by Nolan Patrick and loses puck.
12:53 of 1st period - Penalty to Alexander Barabanov is over, Alexander Barabanov is back on ice.
13:11 of 1st period - Snap shot by Cole Smith.
13:11 of 1st period - Goal by Cole Smith - Wolfpack : 1 - Bears : 1.
13:12 of 1st period - Casey Mittelstadt wins face-off versus Christian Dvorak in neutral zone.
13:27 of 1st period - Slapshot by Nicolas Aube-Kubel.
13:27 of 1st period - Shot Misses the Net.
13:39 of 1st period - Tommy Vannelli is hit by Nolan Patrick and loses puck.
14:28 of 1st period - Slapshot by Nicolas Aube-Kubel.
14:28 of 1st period - Stopped by Eric Comrie with a rebound.
14:40 of 1st period - Tommy Vannelli is hit by Casey Mittelstadt.
15:04 of 1st period - Snap shot by Sam Carrick.
15:04 of 1st period - Stopped by Eric Comrie with a rebound.
15:20 of 1st period - Ryan Culkin is hit by Gianluca Curcuruto and loses puck.
15:47 of 1st period - Connor Chatam is hit by Adam Lowry.
16:09 of 1st period - Slapshot by Nicolas Aube-Kubel.
16:09 of 1st period - Stopped by Eric Comrie with a rebound.
16:11 of 1st period - Minor Penalty to Stefan Noesen for Tripping.
16:12 of 1st period - Casey Mittelstadt wins face-off versus Christian Dvorak in Wolfpack zone.
16:21 of 1st period - David Pope is hit by Mikko Vainonen and loses puck.
16:44 of 1st period - Derrick Pouliot is hit by Austin Wuthrich and loses puck.
18:11 of 1st period - Penalty to Stefan Noesen is over, Stefan Noesen is back on ice.
19:48 of 1st period - Ryan Graves is hit by Derrick Pouliot and loses puck.
Goals for this period are 1 for Wolfpack vs 1 for Bears.
Shots for this period are 5 for Wolfpack vs 12 for Bears.
2nd period
0:01 of 2nd period - Casey Mittelstadt wins face-off versus Christian Dvorak in neutral zone.
0:04 of 2nd period - Slapshot by David Pope.
0:04 of 2nd period - Shot Misses the Net.
0:10 of 2nd period - Wrist shot by Stefan Noesen.
0:10 of 2nd period - Deflect By Nicolas Aube-Kubel.
0:10 of 2nd period - Shot Misses the Net.
0:10 of 2nd period - Puck is out of play.
0:11 of 2nd period - Christian Dvorak wins face-off versus Stefan Noesen in Bears zone.
0:11 of 2nd period - Christian Dvorak is hit by Steven Santini.
0:16 of 2nd period - Off-side.
0:17 of 2nd period - Christian Dvorak wins face-off versus David Pope in neutral zone.
0:47 of 2nd period - Wrist shot by Nolan Patrick.
0:47 of 2nd period - Deflect By Alexander Barabanov.
0:47 of 2nd period - Shot Misses the Net.
0:47 of 2nd period - Puck is out of play.
0:48 of 2nd period - Christian Dvorak wins face-off versus Nolan Patrick in Bears zone.
0:48 of 2nd period - Christian Dvorak is hit by Alexander Barabanov.
1:00 of 2nd period - Icing by Sebastian Collberg.
1:01 of 2nd period - Christian Dvorak wins face-off versus Nolan Patrick in Wolfpack zone.
1:12 of 2nd period - Snap shot by Sebastian Collberg.
1:12 of 2nd period - Shot Misses the Net.
1:14 of 2nd period - Snap shot by Nolan Patrick.
1:14 of 2nd period - Shot Misses the Net.
1:16 of 2nd period - Slapshot by Colton White.
1:16 of 2nd period - Stopped by Jake Allen with a rebound.
2:15 of 2nd period - Wrist shot by Sebastian Collberg.
2:15 of 2nd period - Shot Blocked by Gianluca Curcuruto.
2:17 of 2nd period - Slapshot by Ryan Culkin.
2:17 of 2nd period - Shot Misses the Net.
2:25 of 2nd period - Wrist shot by Nolan Patrick.
2:25 of 2nd period - Goal by Nolan Patrick - Wolfpack : 2 - Bears : 1.
2:26 of 2nd period - Sam Carrick wins face-off versus Casey Mittelstadt in neutral zone.
2:43 of 2nd period - Derrick Pouliot is hit by A.J. Jenks and loses puck.
3:02 of 2nd period - Slapshot by Connor Chatam.
3:02 of 2nd period - Shot Blocked by Tommy Vannelli.
4:08 of 2nd period - Snap shot by Sam Carrick.
4:08 of 2nd period - Stopped by Eric Comrie without a rebound.
4:09 of 2nd period - Sam Carrick wins face-off versus Nolan Patrick in Wolfpack zone.
4:16 of 2nd period - Mikko Vainonen is hit by Sebastian Collberg and loses puck.
4:39 of 2nd period - Wrist shot by Nicolas Aube-Kubel.
4:39 of 2nd period - Shot Blocked by Stefan Noesen.
5:05 of 2nd period - Jacob Bryson is hit by Steven Santini and loses puck.
5:30 of 2nd period - Snap shot by Sebastian Collberg.
5:30 of 2nd period - Deflect By Nolan Patrick.
5:30 of 2nd period - Shot Misses the Net.
5:30 of 2nd period - Puck is out of play.
5:31 of 2nd period - Christian Dvorak wins face-off versus Casey Mittelstadt in Bears zone.
6:20 of 2nd period - Slapshot by Gianluca Curcuruto.
6:20 of 2nd period - Stopped by Eric Comrie with a rebound.
6:22 of 2nd period - Snap shot by Gianluca Curcuruto.
6:22 of 2nd period - Stopped by Eric Comrie without a rebound.
6:23 of 2nd period - Casey Mittelstadt wins face-off versus Cole Smith in Wolfpack zone.
6:38 of 2nd period - Snap shot by Casey Mittelstadt.
6:38 of 2nd period - Goal by Casey Mittelstadt - Wolfpack : 3 - Bears : 1.
6:39 of 2nd period - Christian Dvorak wins face-off versus Casey Mittelstadt in neutral zone.
7:33 of 2nd period - Nicolas Aube-Kubel is hit by Steven Santini and loses puck.
7:42 of 2nd period - Snap shot by David Pope.
7:42 of 2nd period - Shot Blocked by Mikko Vainonen.
7:44 of 2nd period - Wrist shot by David Pope.
7:44 of 2nd period - Shot Misses the Net.
7:46 of 2nd period - Snap shot by David Pope.
7:46 of 2nd period - Shot Blocked by Mikko Vainonen.
7:48 of 2nd period - Snap shot by Steven Santini.
7:48 of 2nd period - Shot Blocked by Kerby Rychel.
7:50 of 2nd period - Snap shot by Steven Santini.
7:50 of 2nd period - Shot Blocked by Mikko Vainonen.
7:52 of 2nd period - Wrist shot by Stefan Noesen.
7:52 of 2nd period - Stopped by Jake Allen without a rebound.
7:53 of 2nd period - Sam Carrick wins face-off versus Mikhail Vorobyev in Bears zone.
8:24 of 2nd period - Colton White is hit by Nicholas Caamano and loses puck.
8:41 of 2nd period - Slapshot by Sebastian Collberg.
8:41 of 2nd period - Stopped by Jake Allen without a rebound.
8:42 of 2nd period - Sam Carrick wins face-off versus Ryan Poehling in Bears zone.
8:51 of 2nd period - Slapshot by Tommy Vannelli.
8:51 of 2nd period - Deflect By A.J. Jenks.
8:51 of 2nd period - Stopped by Eric Comrie without a rebound.
8:52 of 2nd period - Mikhail Vorobyev wins face-off versus Austin Wuthrich in Wolfpack zone.
9:01 of 2nd period - Wrist shot by Dryden Hunt.
9:01 of 2nd period - Shot Misses the Net.
9:22 of 2nd period - Snap shot by Nicholas Caamano.
9:22 of 2nd period - Stopped by Eric Comrie without a rebound.
9:23 of 2nd period - Nicholas Caamano wins face-off versus Casey Mittelstadt in Wolfpack zone.
9:43 of 2nd period - Slapshot by Mikko Vainonen.
9:43 of 2nd period - Shot Misses the Net.
9:57 of 2nd period - Wrist shot by Sebastian Collberg.
9:57 of 2nd period - Goal by Sebastian Collberg - Wolfpack : 4 - Bears : 1.
9:57 of 2nd period - Artyom Zagidulin enters game.
9:58 of 2nd period - Christian Dvorak wins face-off versus Casey Mittelstadt in neutral zone.
10:41 of 2nd period - Icing by Connor Chatam.
10:42 of 2nd period - Vincent Dunn wins face-off versus Nolan Patrick in Wolfpack zone.
10:50 of 2nd period - Wrist shot by Cole Smith.
10:50 of 2nd period - Stopped by Eric Comrie without a rebound.
10:51 of 2nd period - David Pope wins face-off versus Christian Dvorak in Wolfpack zone.
10:56 of 2nd period - Slapshot by Casey Mittelstadt.
10:56 of 2nd period - Stopped by Artyom Zagidulin with a rebound.
12:01 of 2nd period - Wrist shot by Nicolas Aube-Kubel.
12:01 of 2nd period - Stopped by Eric Comrie without a rebound.
12:02 of 2nd period - Mikhail Vorobyev wins face-off versus Christian Dvorak in Wolfpack zone.
12:35 of 2nd period - Icing by Steven Santini.
12:36 of 2nd period - Ryan Poehling wins face-off versus Sam Carrick in Wolfpack zone.
12:41 of 2nd period - Gianluca Curcuruto is hit by Owen Tippet.
12:53 of 2nd period - Sam Carrick is hit by Steven Santini and loses puck.
13:24 of 2nd period - Minor Penalty to Ryan Poehling for Holding.
13:25 of 2nd period - Casey Mittelstadt wins face-off versus Christian Dvorak in Wolfpack zone.
13:41 of 2nd period - Slapshot by David Pope.
13:41 of 2nd period - Shot Blocked by Jacob Bryson.
15:01 of 2nd period - Steven Santini is hit by Nikolay Prokhorkin and loses puck.
15:24 of 2nd period - Penalty to Ryan Poehling is over, Ryan Poehling is back on ice.
15:28 of 2nd period - Slapshot by Ryan Culkin.
15:28 of 2nd period - Deflect By Dryden Hunt.
15:28 of 2nd period - Shot Blocked by Gianluca Curcuruto.
15:28 of 2nd period - Puck is out of play.
15:29 of 2nd period - Vincent Dunn wins face-off versus Ryan Poehling in Bears zone.
15:40 of 2nd period - Snap shot by Yegor Korshkov.
15:40 of 2nd period - Stopped by Artyom Zagidulin without a rebound.
15:41 of 2nd period - Casey Mittelstadt wins face-off versus Sam Carrick in Bears zone.
16:30 of 2nd period - Snap shot by Tommy Vannelli.
16:30 of 2nd period - Shot Blocked by Colton White.
16:32 of 2nd period - Snap shot by Nicholas Caamano.
16:32 of 2nd period - Stopped by Eric Comrie with a rebound.
16:34 of 2nd period - Slapshot by Ryan Graves.
16:34 of 2nd period - Deflect By Nicholas Caamano.
16:34 of 2nd period - Stopped by Eric Comrie without a rebound.
16:35 of 2nd period - Vincent Dunn wins face-off versus Casey Mittelstadt in Wolfpack zone.
16:38 of 2nd period - Wrist shot by Cole Smith.
16:38 of 2nd period - Deflect By Vincent Dunn.
16:38 of 2nd period - Goal by Vincent Dunn - Wolfpack : 4 - Bears : 2.
16:39 of 2nd period - Casey Mittelstadt wins face-off versus Christian Dvorak in neutral zone.
16:42 of 2nd period - Snap shot by Stefan Noesen.
16:42 of 2nd period - Shot Misses the Net.
17:04 of 2nd period - A.J. Jenks is hit by Alexander Barabanov and loses puck.
17:10 of 2nd period - Off-side.
17:11 of 2nd period - Christian Dvorak wins face-off versus Sebastian Collberg in neutral zone.
17:14 of 2nd period - Snap shot by Nicolas Aube-Kubel.
17:14 of 2nd period - Stopped by Eric Comrie with a rebound.
17:16 of 2nd period - Wrist shot by Nicolas Aube-Kubel.
17:16 of 2nd period - Stopped by Eric Comrie with a rebound.
17:18 of 2nd period - Snap shot by Kerby Rychel.
17:18 of 2nd period - Stopped by Eric Comrie without a rebound.
17:19 of 2nd period - Christian Dvorak wins face-off versus Nolan Patrick in Wolfpack zone.
17:44 of 2nd period - Stefan Noesen is hit by A.J. Jenks and loses puck.
18:56 of 2nd period - Snap shot by Christian Dvorak.
18:56 of 2nd period - Stopped by Eric Comrie with a rebound.
Goals for this period are 3 for Wolfpack vs 1 for Bears.
Shots for this period are 8 for Wolfpack vs 14 for Bears.
3rd period
0:01 of 3rd period - Casey Mittelstadt wins face-off versus Christian Dvorak in neutral zone.
0:06 of 3rd period - Snap shot by David Pope.
0:06 of 3rd period - Stopped by Artyom Zagidulin without a rebound.
0:07 of 3rd period - Casey Mittelstadt wins face-off versus Christian Dvorak in Bears zone.
0:12 of 3rd period - Backhand shot by David Pope.
0:12 of 3rd period - Stopped by Artyom Zagidulin without a rebound.
0:13 of 3rd period - Casey Mittelstadt wins face-off versus Christian Dvorak in Bears zone.
0:14 of 3rd period - Snap shot by Stefan Noesen.
0:14 of 3rd period - Deflect By Casey Mittelstadt.
0:14 of 3rd period - Shot Misses the Net.
0:14 of 3rd period - Puck is out of play.
0:15 of 3rd period - Casey Mittelstadt wins face-off versus Christian Dvorak in Bears zone.
0:31 of 3rd period - Snap shot by Stefan Noesen.
0:31 of 3rd period - Shot Misses the Net.
0:47 of 3rd period - Slapshot by Sebastian Collberg.
0:47 of 3rd period - Shot Misses the Net.
0:49 of 3rd period - Snap shot by Sebastian Collberg.
0:49 of 3rd period - Stopped by Artyom Zagidulin without a rebound.
0:50 of 3rd period - Sam Carrick wins face-off versus Casey Mittelstadt in Bears zone.
0:50 of 3rd period - Sam Carrick is hit by Colton White.
0:56 of 3rd period - Snap shot by Sam Carrick.
0:56 of 3rd period - Stopped by Eric Comrie with a rebound.
1:04 of 3rd period - Snap shot by David Pope.
1:04 of 3rd period - Stopped by Artyom Zagidulin without a rebound.
1:05 of 3rd period - Sebastian Collberg wins face-off versus Christian Dvorak in Bears zone.
1:06 of 3rd period - Wrist shot by Alexander Barabanov.
1:06 of 3rd period - Shot Misses the Net.
1:19 of 3rd period - Snap shot by Nicolas Aube-Kubel.
1:19 of 3rd period - Stopped by Eric Comrie without a rebound.
1:20 of 3rd period - Sam Carrick wins face-off versus Casey Mittelstadt in Wolfpack zone.
1:23 of 3rd period - Snap shot by A.J. Jenks.
1:23 of 3rd period - Shot Misses the Net.
1:25 of 3rd period - Snap shot by Austin Wuthrich.
1:25 of 3rd period - Stopped by Eric Comrie with a rebound.
1:41 of 3rd period - Minor Penalty to David Pope for High sticking.
1:42 of 3rd period - Casey Mittelstadt wins face-off versus Christian Dvorak in Wolfpack zone.
2:37 of 3rd period - Snap shot by Nolan Patrick.
2:37 of 3rd period - Shot Misses the Net.
3:07 of 3rd period - Sam Carrick is hit by Nolan Patrick and loses puck.
3:41 of 3rd period - Penalty to David Pope is over, David Pope is back on ice.
4:14 of 3rd period - Slapshot by Ryan Poehling.
4:14 of 3rd period - Shot Misses the Net.
6:35 of 3rd period - Stefan Noesen is hit by Nikolay Prokhorkin and loses puck.
6:50 of 3rd period - Nicholas Caamano is hit by Ryan Poehling and loses puck.
6:57 of 3rd period - Derrick Pouliot is hit by Tommy Vannelli and loses puck.
7:20 of 3rd period - Slapshot by Steven Santini.
7:20 of 3rd period - Shot Blocked by Nicholas Caamano.
7:22 of 3rd period - Slapshot by Yegor Korshkov.
7:22 of 3rd period - Stopped by Artyom Zagidulin with a rebound.
7:24 of 3rd period - Snap shot by Ryan Poehling.
7:24 of 3rd period - Shot Blocked by Tommy Vannelli.
7:28 of 3rd period - Slapshot by Steven Santini.
7:28 of 3rd period - Deflect By Yegor Korshkov.
7:28 of 3rd period - Stopped by Artyom Zagidulin without a rebound.
7:29 of 3rd period - Nolan Patrick wins face-off versus Christian Dvorak in Bears zone.
7:37 of 3rd period - Wrist shot by Sebastian Collberg.
7:37 of 3rd period - Shot Blocked by Gianluca Curcuruto.
7:39 of 3rd period - Slapshot by Colton White.
7:39 of 3rd period - Deflect By Alexander Barabanov.
7:39 of 3rd period - Goal by Alexander Barabanov - Wolfpack : 5 - Bears : 2.
7:40 of 3rd period - Christian Dvorak wins face-off versus Casey Mittelstadt in neutral zone.
7:45 of 3rd period - Wrist shot by Nicolas Aube-Kubel.
7:45 of 3rd period - Shot Misses the Net.
7:57 of 3rd period - Christian Dvorak is hit by Stefan Noesen and loses puck.
9:00 of 3rd period - Wrist shot by Jacob Bryson.
9:00 of 3rd period - Stopped by Eric Comrie with a rebound.
9:08 of 3rd period - Slapshot by Jacob Bryson.
9:08 of 3rd period - Shot Blocked by Joshua Jacobs.
9:20 of 3rd period - Wrist shot by Nolan Patrick.
9:20 of 3rd period - Shot Blocked by Gianluca Curcuruto.
9:22 of 3rd period - Wrist shot by Sebastian Collberg.
9:22 of 3rd period - Shot Misses the Net.
9:24 of 3rd period - Wrist shot by Sebastian Collberg.
9:24 of 3rd period - Stopped by Artyom Zagidulin with a rebound.
9:26 of 3rd period - Slapshot by K'Andre Miller.
9:26 of 3rd period - Shot Misses the Net.
9:28 of 3rd period - Wrist shot by Alexander Barabanov.
9:28 of 3rd period - Deflect By Nolan Patrick.
9:28 of 3rd period - Shot Misses the Net.
9:28 of 3rd period - Puck is out of play.
9:29 of 3rd period - Sam Carrick wins face-off versus Casey Mittelstadt in Bears zone.
9:29 of 3rd period - Sam Carrick is hit by Casey Mittelstadt.
10:07 of 3rd period - Wrist shot by Sebastian Collberg.
10:07 of 3rd period - Stopped by Artyom Zagidulin with a rebound.
10:51 of 3rd period - Nikolay Prokhorkin is hit by Steven Santini and loses puck.
10:52 of 3rd period - Nikolay Prokhorkin from Bears is injured at 10:52 of 3rd period (Bruised Right Foot).
10:53 of 3rd period - Christian Dvorak wins face-off versus Casey Mittelstadt in Bears zone.
11:22 of 3rd period - Wrist shot by Sam Carrick.
11:22 of 3rd period - Shot Blocked by Derrick Pouliot.
11:24 of 3rd period - Wrist shot by A.J. Jenks.
11:24 of 3rd period - Stopped by Eric Comrie without a rebound.
11:25 of 3rd period - Nolan Patrick wins face-off versus Sam Carrick in Wolfpack zone.
11:30 of 3rd period - Sam Carrick is hit by Alexander Barabanov and loses puck.
11:39 of 3rd period - Slapshot by Ryan Graves.
11:39 of 3rd period - Stopped by Eric Comrie with a rebound.
11:41 of 3rd period - Wrist shot by Sam Carrick.
11:41 of 3rd period - Shot Blocked by Alexander Barabanov.
11:43 of 3rd period - Slapshot by Tommy Vannelli.
11:43 of 3rd period - Shot Blocked by Ryan Culkin.
12:25 of 3rd period - Off-side.
12:26 of 3rd period - Casey Mittelstadt wins face-off versus Christian Dvorak in neutral zone.
12:35 of 3rd period - Off-side.
12:36 of 3rd period - Christian Dvorak wins face-off versus Casey Mittelstadt in neutral zone.
13:34 of 3rd period - Wrist shot by Nicolas Aube-Kubel.
13:34 of 3rd period - Stopped by Eric Comrie with a rebound.
13:48 of 3rd period - Slapshot by Steven Santini.
13:48 of 3rd period - Stopped by Artyom Zagidulin with a rebound.
14:02 of 3rd period - Wrist shot by Stefan Noesen.
14:02 of 3rd period - Shot Misses the Net.
14:04 of 3rd period - Slapshot by Derrick Pouliot.
14:04 of 3rd period - Deflect By David Pope.
14:04 of 3rd period - Shot Misses the Net.
14:04 of 3rd period - Puck is out of play.
14:05 of 3rd period - Sam Carrick wins face-off versus Nolan Patrick in Bears zone.
14:31 of 3rd period - Gianluca Curcuruto is hit by Connor Chatam and loses puck.
15:14 of 3rd period - Slapshot by Nolan Patrick.
15:14 of 3rd period - Deflect By Jacob Bryson.
15:14 of 3rd period - Shot Misses the Net.
15:14 of 3rd period - Puck is out of play.
15:15 of 3rd period - Sam Carrick wins face-off versus Nolan Patrick in Bears zone.
15:34 of 3rd period - Vincent Dunn is hit by Dryden Hunt and loses puck.
16:48 of 3rd period - Icing by Nicholas Caamano.
16:49 of 3rd period - Mikhail Vorobyev wins face-off versus Vincent Dunn in Bears zone.
16:50 of 3rd period - Wrist shot by Connor Chatam.
16:50 of 3rd period - Stopped by Artyom Zagidulin without a rebound.
16:51 of 3rd period - Christian Dvorak wins face-off versus Sebastian Collberg in Bears zone.
17:17 of 3rd period - Casey Mittelstadt is hit by Sam Carrick and loses puck.
17:46 of 3rd period - Mikhail Vorobyev is hit by Cole Smith and loses puck.
18:17 of 3rd period - Sebastian Collberg is hit by A.J. Jenks and loses puck.
18:51 of 3rd period - Off-side.
18:52 of 3rd period - Vincent Dunn wins face-off versus Mikhail Vorobyev in neutral zone.
19:24 of 3rd period - Icing by David Pope.
19:25 of 3rd period - Christian Dvorak wins face-off versus Casey Mittelstadt in Wolfpack zone.
19:32 of 3rd period - Snap shot by Kerby Rychel.
19:32 of 3rd period - Deflect By Christian Dvorak.
19:32 of 3rd period - Shot Misses the Net.
19:32 of 3rd period - Puck is out of play.
19:33 of 3rd period - Christian Dvorak wins face-off versus David Pope in Wolfpack zone.
19:59 of 3rd period - Snap shot by Connor Chatam.
19:59 of 3rd period - Shot Blocked by Nicolas Aube-Kubel.
Goals for this period are 1 for Wolfpack vs 0 for Bears.
Shots for this period are 11 for Wolfpack vs 7 for Bears.